[ PARTIDA AOE2 · #495297518 ]
UnrankedPersas vs Magyars
Equipo del jugador · VICT
Equipo rival · DERR
[ ANÁLISIS DE REPETICIÓN · EXTRAÍDO DE LA PARTIDA GRABADA ]
Feudal
9:34
Castillos
23:37
Imperial
36:44
| APM promedio | 34.8 |
| APM pico | 97 |
| eAPM promedio | 18.0 |
| Aldeanos / militares | 167 / 91 |
Foco
⚔️ 29.2% · 🌾 70.8%
Knight ×67 · Scout Cavalry ×20 · Monk ×2 · Spearman ×2
Feudal
10:01
Castillos
20:39
Imperial
45:46
| APM promedio | 31.3 |
| APM pico | 50 |
| eAPM promedio | 16.0 |
| Aldeanos / militares | 90 / 147 |
Foco
⚔️ 24.6% · 🌾 75.4%
Spearman ×80 · Cavalry Archer ×51 · Scout Cavalry ×12 · Monk ×4
Mapa de la partida
Recursos iniciales + cada clic de construcción. Líneas = muros · curvas = relieve. ◆ oro · ⬟ piedra · ● bayas · ✦ reliquia · ◌ hueco del cierre
Tu base· ✓ Cerrada en 23:37 · 24t muro · 2 puerta(s)
Base de Izan· Abierta — el rival se encerró
Terreno inicial suavizado · ◌ = hueco del cierre detectado · pasá el cursor para detalles
Inputs por minuto
— males - - Izan
Build order — males
Primeras 150 de 364 acciones detectadas
| 0:02 | Construir | House |
| 0:05 | Construir | House |
| 0:06 | Crear | Villager (Male) |
| 0:06 | Crear | Villager (Male) |
| 0:06 | Crear | Villager (Male) |
| 0:37 | Crear | Villager (Male) |
| 0:37 | Crear | Villager (Male) |
| 0:37 | Crear | Villager (Male) |
| 1:30 | Crear | Villager (Male) |
| 1:31 | Crear | Villager (Male) |
| 2:03 | Construir | Lumber Camp |
| 2:05 | Crear | Villager (Male) |
| 2:05 | Crear | Villager (Male) |
| 2:06 | Crear | Villager (Male) |
| 2:10 | Construir | House |
| 2:15 | Construir | Palisade Wall |
| 2:16 | Construir | House |
| 2:24 | Crear | Villager (Male) |
| 2:24 | Crear | Villager (Male) |
| 2:47 | Crear | Villager (Male) |
| 2:47 | Crear | Villager (Male) |
| 2:47 | Crear | Villager (Male) |
| 3:09 | Crear | Villager (Male) |
| 3:09 | Crear | Villager (Male) |
| 3:51 | Construir | House |
| 3:55 | Crear | Villager (Male) |
| 3:55 | Crear | Villager (Male) |
| 4:13 | Crear | Villager (Male) |
| 4:13 | Crear | Villager (Male) |
| 4:14 | Crear | Villager (Male) |
| 4:57 | Crear | Villager (Male) |
| 4:57 | Crear | Villager (Male) |
| 5:09 | Crear | Villager (Male) |
| 5:09 | Crear | Villager (Male) |
| 5:55 | Crear | Villager (Male) |
| 5:55 | Crear | Villager (Male) |
| 5:55 | Crear | Villager (Male) |
| 5:55 | Crear | Villager (Male) |
| 5:56 | Crear | Villager (Male) |
| 5:56 | Crear | Villager (Male) |
| 5:56 | Crear | Villager (Male) |
| 6:40 | Construir | Mill |
| 7:30 | Investigar | Feudal Age |
| 7:50 | Construir | Farm |
| 8:24 | Construir | Barracks |
| 8:26 | Construir | House |
| 8:28 | Construir | House |
| 9:02 | Construir | Farm |
| 9:03 | Construir | Farm |
| 9:16 | Construir | Farm |
| 9:27 | Construir | Farm |
| 9:34 | Edad | Edad Feudal |
| 9:37 | Crear | Villager (Male) |
| 9:37 | Crear | Villager (Male) |
| 9:37 | Crear | Villager (Male) |
| 9:49 | Construir | Stable |
| 10:06 | Construir | House |
| 10:23 | Crear | Villager (Male) |
| 10:25 | Construir | Farm |
| 10:30 | Crear | Villager (Male) |
| 10:30 | Crear | Villager (Male) |
| 10:34 | Crear | Spearman |
| 10:34 | Crear | Spearman |
| 10:37 | Construir | House |
| 10:52 | Construir | Palisade Wall |
| 10:55 | Construir | Palisade Wall |
| 10:57 | Construir | Palisade Gate |
| 11:07 | Investigar | Double-Bit Axe |
| 11:08 | Investigar | Double-Bit Axe |
| 11:10 | Crear | Villager (Male) |
| 11:11 | Crear | Villager (Male) |
| 11:11 | Crear | Villager (Male) |
| 11:15 | Investigar | Loom |
| 11:17 | Crear | Scout Cavalry ×5 |
| 11:17 | Crear | Scout Cavalry ×5 |
| 11:24 | Construir | Farm |
| 11:46 | Construir | House |
| 11:50 | Construir | Palisade Wall |
| 12:00 | Crear | Villager (Male) |
| 12:00 | Crear | Villager (Male) |
| 12:00 | Crear | Villager (Male) |
| 12:01 | Crear | Villager (Male) |
| 12:05 | Construir | Farm |
| 12:06 | Construir | Farm |
| 12:24 | Crear | Villager (Male) |
| 12:24 | Crear | Villager (Male) |
| 12:27 | Construir | Farm |
| 12:46 | Crear | Villager (Male) |
| 12:51 | Construir | House |
| 12:56 | Construir | Mining Camp |
| 12:57 | Crear | Villager (Male) |
| 13:14 | Crear | Villager (Male) |
| 13:32 | Construir | Blacksmith |
| 13:35 | Construir | House |
| 13:47 | Construir | Farm |
| 13:58 | Crear | Villager (Male) |
| 14:18 | Construir | Lumber Camp |
| 14:36 | Crear | Villager (Male) |
| 14:36 | Crear | Villager (Male) |
| 14:46 | Construir | Stable |
| 15:14 | Crear | Villager (Male) |
| 15:14 | Crear | Villager (Male) |
| 15:29 | Crear | Villager (Male) |
| 15:29 | Crear | Villager (Male) |
| 15:34 | Construir | House |
| 15:47 | Investigar | Bloodlines |
| 15:47 | Crear | Scout Cavalry ×3 |
| 15:47 | Crear | Scout Cavalry ×3 |
| 16:28 | Construir | Farm |
| 16:29 | Construir | Farm |
| 16:49 | Construir | House |
| 17:02 | Construir | Palisade Gate |
| 17:14 | Construir | Farm |
| 17:15 | Construir | Farm |
| 17:21 | Investigar | Forging |
| 17:22 | Investigar | Scale Barding Armor |
| 17:28 | Investigar | Horse Collar |
| 18:05 | Crear | Scout Cavalry ×3 |
| 18:06 | Crear | Villager (Male) |
| 18:06 | Crear | Villager (Male) |
| 18:13 | Construir | Farm |
| 18:13 | Construir | Farm |
| 18:14 | Construir | Farm |
| 18:14 | Construir | Farm |
| 18:14 | Construir | Farm |
| 18:14 | Construir | Farm |
| 18:19 | Construir | Farm |
| 18:21 | Crear | Villager (Male) |
| 18:24 | Construir | Farm |
| 18:37 | Crear | Villager (Male) |
| 18:54 | Crear | Villager (Male) |
| 18:56 | Construir | Farm |
| 18:59 | Construir | Farm |
| 19:02 | Construir | Farm |
| 19:05 | Crear | Villager (Male) |
| 19:29 | Investigar | Gold Mining |
| 19:30 | Investigar | Gold Mining |
| 20:20 | Construir | Farm |
| 20:21 | Crear | Villager (Male) |
| 20:22 | Crear | Villager (Male) |
| 20:22 | Crear | Villager (Male) |
| 20:57 | Construir | Market |
| 21:01 | Construir | House |
| 21:11 | Investigar | Castle Age |
| 22:54 | Crear | Villager (Male) |
| 22:55 | Crear | Villager (Male) |
| 23:37 | Edad | Edad de los Castillos |
| 23:46 | Crear | Villager (Male) |
| 23:46 | Crear | Villager (Male) |
| 23:47 | Crear | Villager (Male) |
Build order — Izan
Primeras 150 de 265 acciones detectadas
| 0:01 | Crear | Villager (Male) ×4 |
| 0:05 | Construir | House |
| 0:06 | Construir | House |
| 1:36 | Crear | Villager (Male) |
| 1:51 | Construir | Lumber Camp |
| 2:12 | Crear | Villager (Male) |
| 2:12 | Crear | Villager (Male) |
| 2:15 | Crear | Villager (Male) |
| 3:05 | Construir | House |
| 3:13 | Crear | Villager (Male) |
| 3:14 | Crear | Villager (Male) |
| 3:44 | Crear | Villager (Male) |
| 4:10 | Crear | Villager (Male) |
| 4:10 | Crear | Villager (Male) |
| 4:46 | Crear | Villager (Male) |
| 5:04 | Crear | Villager (Male) |
| 5:11 | Construir | House |
| 5:32 | Crear | Villager (Male) |
| 5:49 | Crear | Villager (Male) |
| 6:00 | Construir | Barracks |
| 6:11 | Crear | Villager (Male) |
| 6:47 | Investigar | Loom |
| 7:08 | Construir | Mill |
| 7:51 | Investigar | Feudal Age |
| 8:23 | Construir | Palisade Wall |
| 8:37 | Construir | House |
| 10:01 | Edad | Edad Feudal |
| 10:02 | Construir | Stable |
| 10:07 | Crear | Spearman |
| 10:11 | Crear | Villager (Male) |
| 10:12 | Crear | Villager (Male) |
| 10:45 | Crear | Villager (Male) |
| 10:47 | Construir | Farm |
| 10:53 | Construir | Mining Camp |
| 10:59 | Construir | Farm |
| 11:02 | Crear | Scout Cavalry ×5 |
| 11:16 | Crear | Villager (Male) |
| 11:40 | Construir | Farm |
| 11:52 | Crear | Villager (Male) |
| 11:55 | Construir | Farm |
| 12:14 | Construir | House |
| 12:30 | Investigar | Bloodlines |
| 12:32 | Crear | Villager (Male) |
| 12:34 | Construir | Farm |
| 12:47 | Crear | Spearman |
| 12:54 | Crear | Villager (Male) |
| 13:12 | Construir | Blacksmith |
| 13:17 | Crear | Spearman |
| 13:38 | Crear | Villager (Male) |
| 13:40 | Construir | Farm |
| 13:41 | Construir | Farm |
| 13:52 | Construir | House |
| 14:03 | Crear | Villager (Male) |
| 14:05 | Construir | Farm |
| 14:06 | Construir | Farm |
| 14:22 | Crear | Spearman |
| 14:33 | Crear | Villager (Male) |
| 14:35 | Construir | Farm |
| 15:02 | Crear | Villager (Male) |
| 15:04 | Construir | Farm |
| 15:05 | Construir | Farm |
| 15:26 | Construir | House |
| 15:32 | Construir | Farm |
| 15:32 | Construir | Farm |
| 15:38 | Crear | Villager (Male) |
| 15:51 | Construir | Farm |
| 16:18 | Investigar | Scale Barding Armor |
| 16:22 | Construir | Farm |
| 16:23 | Crear | Scout Cavalry ×5 |
| 16:33 | Crear | Villager (Male) |
| 16:33 | Crear | Villager (Male) |
| 17:34 | Crear | Villager (Male) |
| 17:44 | Crear | Spearman |
| 17:58 | Investigar | Castle Age |
| 18:05 | Construir | Archery Range |
| 18:36 | Crear | Scout Cavalry |
| 18:36 | Crear | Scout Cavalry |
| 18:50 | Crear | Villager (Male) |
| 19:00 | Construir | House |
| 19:07 | Investigar | Double-Bit Axe |
| 19:15 | Construir | Archery Range |
| 19:47 | Crear | Spearman |
| 19:48 | Crear | Spearman |
| 19:48 | Crear | Spearman |
| 20:15 | Construir | House |
| 20:39 | Edad | Edad de los Castillos |
| 20:43 | Construir | Palisade Wall |
| 20:54 | Crear | Cavalry Archer |
| 20:54 | Crear | Cavalry Archer |
| 21:11 | Investigar | Fletching |
| 21:28 | Crear | Villager (Male) |
| 21:28 | Crear | Villager (Male) |
| 22:18 | Construir | Palisade Wall |
| 22:57 | Crear | Villager (Male) |
| 22:57 | Crear | Villager (Male) |
| 23:01 | Investigar | Bodkin Arrow |
| 23:04 | Construir | House |
| 23:11 | Construir | Market |
| 23:19 | Crear | Cavalry Archer ×2 |
| 23:19 | Crear | Cavalry Archer ×2 |
| 23:46 | Crear | Villager (Male) |
| 24:25 | Crear | Cavalry Archer ×5 |
| 24:45 | Construir | University |
| 24:52 | Construir | Farm |
| 24:59 | Construir | Farm |
| 25:23 | Crear | Villager (Male) |
| 25:31 | Crear | Villager (Male) |
| 25:31 | Crear | Villager (Male) |
| 26:25 | Investigar | Pikeman (upgrade) |
| 26:27 | Crear | Cavalry Archer |
| 26:28 | Crear | Cavalry Archer |
| 26:40 | Crear | Villager (Male) |
| 26:40 | Crear | Villager (Male) |
| 26:58 | Investigar | Ballistics |
| 27:07 | Investigar | Scale Mail Armor |
| 27:13 | Crear | Cavalry Archer ×2 |
| 27:13 | Crear | Cavalry Archer ×2 |
| 27:28 | Investigar | Scale Mail Armor |
| 27:37 | Investigar | Horse Collar |
| 27:40 | Crear | Villager (Male) |
| 28:00 | Construir | Farm |
| 28:10 | Construir | Monastery |
| 28:10 | Crear | Villager (Male) |
| 28:11 | Crear | Villager (Male) |
| 28:15 | Crear | Cavalry Archer |
| 28:15 | Crear | Cavalry Archer |
| 28:16 | Crear | Cavalry Archer ×2 |
| 28:39 | Construir | Farm |
| 28:42 | Construir | House |
| 29:05 | Crear | Monk |
| 29:06 | Crear | Monk |
| 29:15 | Crear | Villager (Male) |
| 29:16 | Crear | Villager (Male) |
| 29:22 | Construir | House |
| 29:23 | Construir | House |
| 29:23 | Construir | House |
| 29:23 | Construir | House |
| 29:29 | Crear | Cavalry Archer ×2 |
| 29:29 | Crear | Cavalry Archer ×2 |
| 30:05 | Crear | Monk |
| 30:14 | Crear | Cavalry Archer |
| 30:19 | Construir | Lumber Camp |
| 30:19 | Crear | Villager (Male) |
| 30:20 | Crear | Villager (Male) |
| 30:20 | Crear | Villager (Male) |
| 30:29 | Construir | House |
| 30:31 | Crear | Spearman |
| 30:32 | Crear | Spearman |
| 30:32 | Crear | Spearman |
| 31:13 | Crear | Cavalry Archer ×2 |
Cronología de la partida
| 2:15 | males · wall_segment Palisade Wall x1 |
| 6:00 | Izan · first_building Barracks |
| 8:23 | Izan · wall_segment Palisade Wall x1 |
| 8:24 | males · first_building Barracks |
| 9:34 | males · age_up feudal |
| 9:49 | males · first_building Stable |
| 10:01 | Izan · age_up feudal |
| 10:02 | Izan · first_building Stable |
| 10:52 | males · wall_segment Palisade Wall x10 |
| 10:55 | males · wall_segment Palisade Wall x7 |
| 11:50 | males · wall_segment Palisade Wall x6 |
| 18:05 | Izan · first_building Archery Range |
| 20:39 | Izan · age_up castle |
| 20:43 | Izan · wall_segment Palisade Wall x9 |
| 22:18 | Izan · wall_segment Palisade Wall x3 |
| 23:37 | males · age_up castle |
| 24:32 | Izan · first_market_sell 100 food |
| 24:33 | Izan · first_market_buy 100 wood |
| 27:09 | males · first_building Monastery |
| 28:10 | Izan · first_building Monastery |
| 28:22 | males · first_market_buy 100 wood |
| 36:44 | males · age_up imperial |
| 38:03 | males · first_building Castle |
| 39:42 | males · first_market_sell 500 wood |
| 45:46 | Izan · age_up imperial |
| 47:05 | Izan · resign |
[ ANÁLISIS IA · 1 CRÉDITO ]
¿Qué pasó realmente en esta partida?
Wolo.gg analiza cada decisión: build order, eco, micro, errores típicos por bracket. Análisis personalizado por WhatsApp o Discord en 30 segundos.
Guía civ
Persas
Perfil
males